Map: Oceanborn LE

Players

LiquidClem (Clem) - Winner!

  • Race: Terran Terran
  • League: Grandmaster
  • Spawn Location: 11:00

ShoWTimE

  • Race: Protoss Protoss
  • League: Master
  • Spawn Location: 5:00

VOD

Have the link to the VOD?

Description

Time

  • Played on: July 1, 2024, 1:46 p.m.
  • Length: 9:31
Show
View Real Time Build Order
Export as new Build Order

LiquidClem Terran - Winner!

Build Orders: Cyclone Opening 

Get SALT Encoding   

  12  0:00  SCV  
  13  0:12  SCV  
  14  0:17  Supply Depot  
  14  0:24  SCV  
  15  0:38  SCV  
  15  0:39  Barracks  
  15  0:42  Refinery  
  16  0:50  SCV  
  16  0:52  Refinery  
  17  1:02  SCV  
  18  1:14  SCV  
  19  1:27  Orbital Command, Reaper  
  19  1:28  Supply Depot  
  20  1:39  Factory  
  20  1:53  SCV  
  21  2:01  Barracks Reactor  
  21  2:05  SCV  
  22  2:15  Command Center  
  22  2:18  SCV  
  23  2:24  Cyclone  
  25  2:35  Starport  
  25  2:40  Marine x2  
  25  2:44  Supply Depot  
  27  2:46  SCV  
  28  2:57  Marine  
  28  2:58  Marine  
  30  3:02  SCV  
  33  3:05  Cyclone  
  28  3:12  Medivac  
  33  3:15  Marine x2  
  33  3:16  SCV  
  38  3:27  Orbital Command  
  38  3:28  SCV  
  38  3:33  Marine x2  
  41  3:36  Supply Depot  
  41  3:40  Factory Tech Lab  
  41  3:41  SCV  
  42  3:46  Liberator  
  45  3:53  SCV  
  45  3:54  SCV  
  47  3:59  Marine x2  
  49  4:04  Siege Tank  
  49  4:06  SCV x2  
  52  4:17  Marine x2  
  52  4:18  SCV x2  
  52  4:24  Supply Depot  
  52  4:30  SCV x2  
  53  4:35  Marine x2  
  53  4:36  Siege Tank  
  53  4:38  Barracks  
  58  4:40  Starport Tech Lab  
  58  4:42  SCV  
  58  4:43  SCV  
  60  4:50  Supply Depot  
  60  4:53  Marine x2  
  60  4:54  SCV  
  60  4:55  SCV  
  60  4:56  Refinery  
  60  4:57  Barracks  
  64  5:00  Raven  
  64  5:06  SCV  
  67  5:07  SCV  
  67  5:12  Engineering Bay  
  67  5:13  Supply Depot  
  68  5:16  Marine x2  
  68  5:18  SCV  
  68  5:19  SCV  
  72  5:22  Siege Tank  
  72  5:28  Supply Depot  
  75  5:29  Refinery  
  75  5:31  SCV x2  
  75  5:33  Marine  
  75  5:35  Marine, Supply Depot  
  79  5:43  SCV x2  
  79  5:45  Stimpack  
  79  5:48  Marauder  
  83  5:53  Terran Infantry Weapons Level 1  
  83  5:54  Supply Depot  
  83  5:55  SCV x2  
  82  5:58  Marine x2  
  82  6:01  Marauder  
  86  6:05  Combat Shield  
  86  6:07  SCV  
  87  6:15  Starport Reactor, Marauder  
  87  6:16  Marine x2  
  87  6:17  Factory Reactor  
  89  6:26  Command Center  
  89  6:28  Marauder  
  88  6:34  Marine x2  
  88  6:37  Marauder  
  88  6:38  Barracks  
  88  6:39  Barracks  
  92  6:49  Marauder  
  92  6:51  Marine x2, SCV x2, Supply Depot  
  92  6:52  Medivac  
  92  6:54  Medivac  
  102  6:56  Widow Mine  
  102  6:58  Widow Mine, Marauder  
  108  7:04  SCV x2  
  110  7:09  Supply Depot  
  110  7:11  Supply Depot  
  110  7:12  Marine x2  
  110  7:15  Marauder  
  114  7:17  Widow Mine, SCV x2  
  118  7:25  Concussive Shells  
  118  7:30  Barracks Tech Lab  
  118  7:31  Widow Mine, Medivac x2, SCV, Barracks Reactor  
  118  7:34  Supply Depot  
  118  7:35  Marine x2  
  126  7:40  SCV  
  126  7:41  Marauder  
  126  7:43  SCV  
  130  7:47  SCV  
  130  7:49  Marauder  
  130  7:50  Marauder  
  135  7:52  Marine, SCV  
  135  7:55  SCV  
  138  8:02  Medivac x2, Marauder  
  138  8:04  Widow Mine  
  138  8:05  Widow Mine  
  147  8:08  Marine x3  
  147  8:10  Marine, Marauder  
  147  8:11  SCV  
  147  8:12  Marauder  
  140  8:13  SCV  
  140  8:15  SCV  
  136  8:23  Ghost Academy, Marine, SCV  
  136  8:25  SCV  
  136  8:26  Marine  
  135  8:32  Armory  
  135  8:33  Engineering Bay  
  135  8:35  SCV  
  135  8:37  Orbital Command  
  135  8:38  Marine  
  135  8:39  Marine x2, SCV  
  135  8:41  Widow Mine  
  142  8:43  Marauder  
  142  8:45  Marauder  
  142  8:47  SCV  
  145  8:51  Medivac  
  145  8:54  Marine x2  
  137  8:56  Marine  
  137  8:57  SCV  
  137  9:00  Widow Mine, Medivac, SCV  
  137  9:01  Marine  
  141  9:04  Marauder  
  141  9:07  Marine, Marauder  
  146  9:11  Supply Depot  
  146  9:13  Refinery x2  
Show
View Real Time Build Order
Export as new Build Order

ShoWTimE Protoss 

Build Orders: 1 Gate Expand, Blink Stalkers, Colossus Rush 

Get SALT Encoding   

  12  0:00  Probe  
  13  0:12  Probe  
  14  0:17  Pylon  
  14  0:24  Probe (Chrono Boost)  
  15  0:36  Probe (Chrono Boost), Gateway  
  16  0:44  Probe (Chrono Boost)  
  16  0:46  Assimilator  
  17  0:50  Probe  
  18  1:03  Probe  
  19  1:15  Probe  
  20  1:23  Cybernetics Core  
  20  1:32  Nexus  
  20  1:35  Probe  
  21  1:41  Pylon  
  21  1:47  Probe  
  21  1:50  Assimilator  
  22  1:57  Adept (Chrono Boost)  
  22  1:59  Probe  
  22  2:01  Warp Gate  
  25  2:11  Probe  
  26  2:19  Stalker  
  28  2:23  Probe (Chrono Boost)  
  28  2:26  Shield Battery  
  29  2:35  Probe (Chrono Boost)  
  29  2:36  Twilight Council  
  32  2:45  Probe (Chrono Boost)  
  32  2:46  Probe (Chrono Boost)  
  33  2:53  Probe (Chrono Boost)  
  33  2:54  Stalker, Probe (Chrono Boost)  
  33  2:58  Probe (Chrono Boost)  
  36  3:02  Probe  
  36  3:05  Blink (Chrono Boost)  
  38  3:06  Gateway  
  39  3:15  Probe  
  39  3:17  Probe  
  40  3:25  Pylon  
  40  3:27  Probe  
  40  3:29  Probe  
  42  3:37  Robotics Facility  
  42  3:39  Probe  
  43  3:43  Probe, Assimilator  
  44  3:50  Stalker  
  44  3:51  Probe  
  44  3:54  Assimilator  
  44  3:55  Probe  
  48  4:00  Stalker  
  48  4:01  Pylon  
  50  4:03  Probe  
  50  4:05  Pylon  
  50  4:07  Probe  
  52  4:15  Probe  
  53  4:19  Stalker  
  51  4:26  Stalker  
  51  4:28  Probe  
  51  4:31  Probe  
  55  4:32  Observer  
  55  4:36  Robotics Bay  
  56  4:40  Probe  
  56  4:43  Probe  
  58  4:46  Nexus  
  58  4:50  Observer (Chrono Boost)  
  58  4:51  Pylon  
  59  4:54  Probe  
  59  4:55  Probe  
  59  4:58  Forge  
  61  5:05  Immortal (Chrono Boost)  
  61  5:08  Probe  
  61  5:10  Probe  
  61  5:14  Charge  
  67  5:21  Gateway  
  67  5:22  Probe x2  
  67  5:24  Sentry  
  67  5:25  Observer  
  71  5:30  Pylon  
  71  5:34  Colossus (Chrono Boost)  
  71  5:38  Probe, Protoss Ground Weapons Level 1 (Chrono Boost)  
  78  5:48  Probe  
  78  5:49  Gateway  
  78  5:50  Probe  
  78  5:54  Extended Thermal Lance  
  79  5:57  Gateway  
  79  5:58  Probe  
  79  6:00  Probe  
  79  6:03  Probe  
  82  6:10  Probe  
  83  6:11  Colossus (Chrono Boost)  
  83  6:17  Shield Battery  
  89  6:25  Stalker x2  
  91  6:27  Probe  
  91  6:32  Probe  
  92  6:37  Gateway  
  92  6:38  Sentry  
  92  6:39  Gateway  
  94  6:42  Pylon  
  94  6:43  Shield Battery  
  94  6:44  Pylon  
  94  6:51  Colossus (Chrono Boost), Gateway  
  94  6:58  Pylon  
  100  7:02  Probe x3  
  100  7:06  Sentry, Pylon  
  105  7:12  Zealot x3  
  105  7:13  Zealot  
  113  7:23  Nexus  
  113  7:27  Shield Battery  
  113  7:34  Zealot x4  
  113  7:35  Zealot  
  123  7:41  Immortal  
  125  7:50  Zealot x3, Pylon  
  129  7:59  Pylon  
  96  8:15  Zealot x8  
  106  8:20  Probe x3  
  99  8:30  Colossus (Chrono Boost)  
  99  8:32  Probe x3  
  99  8:33  Shield Battery  
  106  8:41  Stalker x3  
  112  8:42  Zealot  
  112  8:44  Probe, Zealot  
  112  8:45  Zealot  
  119  8:49  Zealot  
  119  8:52  Zealot  
  111  8:58  Probe  
  108  9:05  Stalker x3  
  108  9:07  Stalker  
  108  9:08  Stalker  
  110  9:10  Zealot  
  107  9:18  Zealot x2  
Tags
 
Add a new tag
Caveats
  • Supply blocks, unpowered buildings, or Contaminate may cause inaccurate times.
  • Supply counts are checked every 10 seconds.